 Dungeon Crawl Stone Soup version 0.21-a0-404-g291f19a (webtiles) character file.

76 Moebius the Stinger (level 4, -1/27 HPs)
             Began as an Octopode Venom Mage on Oct 31, 2017.
             Slain by a hobgoblin
             ... wielding a +0 club
              (3 damage)
             ... on level 2 of the Dungeon.
             The game lasted 00:10:22 (1545 turns).

Moebius the Stinger (Octopode Venom Mage)           Turns: 1545, Time: 00:10:22

Health: -1/27      AC:  1    Str:  7    XL:     4   Next: 32%
Magic:  1/7        EV: 13    Int: 18    God:
Gold:   32         SH:  0    Dex: 12    Spells: 2/8 levels left

rFire    . . .     SeeInvis .   d - +0 dagger (curse)
rCold    . . .     Gourm    .   (no shield)
rNeg     . . .     Faith    .   (helmet restricted)
rPois    .         Spirit   .   h - amulet of harm
rElec    .         Reflect  .   (no ring)
rCorr    .         Harm     +   (no ring)
MR       .....                  (no ring)
Stlth    +++.......             (no ring)
HPRegen  0.09/turn              (no ring)
MPRegen  0.10/turn              (no ring)
                                (no ring)
                                (no ring)

@: no status effects
A: almost no armour, stealthy swim, amphibious, 8 rings, constrict 8, camouflage
1, gelatinous body 1
a: no special abilities


You were on level 2 of the Dungeon.
You were hungry.

You visited 1 branch of the dungeon, and saw 2 of its levels.

You collected 32 gold pieces.

Inventory:

Hand Weapons
 d - a cursed +0 dagger (weapon)
 l - a +3 dagger of protection
Missiles
 i - 15 bolts
Jewellery
 h - an amulet of harm (around mantle)
Books
 a - a Young Poisoner's Handbook

   Spells                             Type                      Level
   a - Sting                          Conjuration/Poison           1
   b - Poisonous Vapours              Poison/Air                   2
   c - Mephitic Cloud                 Conjuration/Poison/Air       3
   d - Olgreb's Toxic Radiance        Poison                       4
   e - Venom Bolt                     Conjuration/Poison           5
Comestibles
 b - a bread ration


   Skills:
 - Level 2.0 Dodging
 + Level 3.3 Stealth
 + Level 2.5 Spellcasting
 + Level 1.6 Conjurations
 * Level 1.0 Air Magic
 + Level 4.7 Poison Magic


You had 2 spell levels left.
You knew the following spells:

 Your Spells              Type           Power        Failure   Level  Hunger
a - Sting                 Conj/Pois      ##..         4%          1    #......
b - Poisonous Vapours     Pois/Air       ##....       8%          2    ##.....
c - Mephitic Cloud        Conj/Pois/Air  ##......     19%         3    ###....


Dungeon Overview and Level Annotations

Branches:
Dungeon (2/15)

Altars:


Innate Abilities, Weirdness & Mutations

You cannot wear most types of armour.
You are very stealthy in the water. (Stealth+)
You are amphibious.
You can wear up to eight rings at the same time.
You can use your tentacles to constrict eight enemies at once.
Your skin changes colour to match your surroundings (Stealth+).
Your rubbery body absorbs attacks. (AC +1, EV +1)


Message History

* * * LOW HITPOINT WARNING * * *
You see here a bat corpse.
Casting: Sting
Confirm with . or Enter, or press ? or * to list all spells.
Aiming: Sting
Press: ? - help, Shift-Dir - straight line, f - hobgoblin
Aim: a hobgoblin, wielding a club The sting hits the hobgoblin.
The hobgoblin appears unharmed.
The hobgoblin hits you but does no damage.
Casting: Sting
Confirm with . or Enter, or press ? or * to list all spells.
Aiming: Sting
Press: ? - help, Shift-Dir - straight line, f/p - hobgoblin
Aim: a hobgoblin, wielding a club The sting hits the hobgoblin.
The hobgoblin appears unharmed.
The hobgoblin closely misses you.
A dart slug comes into view.
You are feeling hungry.
The hobgoblin hits you with a club.
You die...

#.# #. #.#†#
#. #.#.# #.
#.#.# #.
#.#.# #######
#. #.#g#
#.....####.
#.#S#
#.......)..
...###.#g#
#.....####.
.......@.#
####'#### #.
##...###.#
#.....# #. #.
#.#
#.....######.
#.#
#............
#.#
#............
#w#
#............
#.#
#............
#.#
#............
#............


You could see a gnoll, an adder, a dart slug (wandering) and a hobgoblin.

Vanquished Creatures
  2 gnolls (D:2)
  2 adders (D:2)
  A dart slug (D:1)
  2 leopard geckos (D:1)
  7 bats
  A giant cockroach (D:1)
  5 goblins
  A hobgoblin (D:1)
  A jackal (D:2)
  6 kobolds
  A frilled lizard (D:1)
  6 rats
35 creatures vanquished.

Notes
Turn   | Place    | Note
-------+----------+-------------------------------------------
     0 | D:1      | Moebius the Octopode Venom Mage began the quest for the Orb.
     0 | D:1      | Reached XP level 1. HP: 11/11 MP: 3/3
   210 | D:1      | Reached XP level 2. HP: 17/17 MP: 1/5
   214 | D:1      | Learned a level 2 spell: Poisonous Vapours
   223 | D:2      | Reached skill level 4 in Poison Magic
   714 | D:1      | Reached XP level 3. HP: 21/21 MP: 4/6
   719 | D:1      | Learned a level 3 spell: Mephitic Cloud
  1075 | D:2      | Reached XP level 4. HP: 23/27 MP: 2/7
  1510 | D:2      | Reached skill level 1 in Air Magic
  1513 | D:2      | HP: 1/27 [gnoll/spear (9)]
  1534 | D:2      | HP: 1/27 [hobgoblin/club (7)]
  1545 | D:2      | Slain by a hobgoblin

Vault maps used:
D:1:      dpeg_arrival_pond
D:2:      old_standard_altar, serial_bayou_pond_b

Skill      XL: |  1  2  3  4 |
---------------+-------------+-----
Poison Magic   | 4 |  4.7
Stealth        | 3 |  3.3
Air Magic      | 1 |  1.0
Dodging        | |  2.0
Spellcasting   | |  2.5
Conjurations   | |  1.6

Action                   |  1- 3 |  4- 6 || total
-------------------------+-------+-------++-------
Melee: Dagger            |    27 |    15 ||    42
       Constrict         |     7 |     3 ||    10
       Tentacles         |     1 |     2 ||     3
Throw: Throwing net      |     1 |       ||     1
 Cast: Sting             |    21 |    10 ||    31
       Poisonous Vapours |    14 |     3 ||    17
       Mephitic Cloud    |       |     1 ||     1
  Use: Scroll            |     4 |     1 ||     5
       Potion            |       |     3 ||     3
 Stab: Sleeping          |     1 |       ||     1
  Eat: Chunk             |     1 |     2 ||     3
Armor: Skin              |    16 |     3 ||    19
Dodge: Dodged            |    61 |    24 ||    85

Table legend:
 A = Spawn XP
 B = Non-spawn XP
 C = Spawn XP percentage of total XP
 D = Spawn monster count
 E = Non-spawn monster count
 F = Spawn count percentage of total count
 G = Total turns spent on level
                    A         B        C        D         E        F      G
               +---------+---------+-------+---------+---------+-------+---------
         Total |       0 |     109 |   0.0 |       0 |      35 |   0.0 |  1545
               +---------+---------+-------+---------+---------+-------+---------
           D:1 |       0 |      33 |   0.0 |       0 |      19 |   0.0 |   822
           D:2 |       0 |      76 |   0.0 |       0 |      16 |   0.0 |   723
               +---------+---------+-------+---------+---------+-------+---------
